Map: Catalyst LE

Players

Pilslikker - Winner!

  • Race: Zerg Zerg
  • League: Master
  • Spawn Location: 11:00

Dessa

  • Race: Zerg Zerg
  • League: Diamond
  • Spawn Location: 5:00

VOD

Have the link to the VOD?

Description

Time

  • Played on: Dec. 13, 2017, 9:40 a.m.
  • Length: 6:24
Show
View Real Time Build Order
Export as new Build Order

Pilslikker Zerg - Winner!

Build Orders: Hatch First 

Get SALT Encoding   

  12  0:02  Drone  
  13  0:12  Drone  
  14  0:18  Extractor  
  14  0:19  Drone  
  15  0:39  Hatchery  
  14  0:49  Extractor  
  13  0:56  Spawning Pool  
  12  1:02  Drone  
  13  1:04  Drone  
  14  1:16  Overlord  
  14  1:24  Overlord  
  14  1:43  Queen  
  16  1:49  Metabolic Boost  
  16  1:53  Drone  
  17  1:57  Drone  
  17  2:00  Zergling x2  
  19  2:06  Zergling x2  
  20  2:08  Zergling x2  
  20  2:13  Zergling x2  
  22  2:15  Zergling x2  
  22  2:19  Zergling x2  
  24  2:24  Zergling x2  
  24  2:26  Zergling x2  
  26  2:36  Zergling x2  
  27  2:37  Zergling x2  
  28  2:45  Zergling x2  
  29  2:54  Zergling x2  
  29  3:02  Zergling x8  
  32  3:07  Zergling x2  
  33  3:16  Overlord  
  33  3:31  Zergling x2  
  33  3:32  Zergling x2  
  35  3:41  Zergling x10  
  40  3:45  Queen  
  42  3:54  Zergling x2  
  43  3:56  Overlord  
  43  4:15  Overlord  
  43  4:17  Drone x3  
  19  5:10  Drone x6  
  19  5:12  Queen  
  21  5:45  Drone x2  
  21  5:46  Drone  
  24  5:56  Drone  
  24  6:15  Spawning Pool  
Show
View Real Time Build Order
Export as new Build Order

Dessa Zerg 

Build Orders: Pool First 

Get SALT Encoding   

  12  0:01  Drone  
  13  0:09  Drone  
  13  0:13  Extractor  
  13  0:16  Drone  
  14  0:33  Spawning Pool  
  13  0:40  Drone  
  14  1:10  Hatchery  
  13  1:15  Drone  
  14  1:24  Overlord  
  14  1:34  Metabolic Boost  
  14  1:44  Zergling x4  
  16  1:48  Zergling x2  
  17  1:56  Drone  
  18  2:07  Queen  
  20  2:14  Drone  
  21  2:21  Overlord  
  21  2:26  Drone  
  22  2:30  Drone  
  23  2:44  Zergling x6  
  26  2:53  Zergling x2  
  28  3:05  Zergling x4  
  28  3:07  Zergling x2  
  30  3:13  Zergling x2  
  31  3:21  Baneling Nest, Zergling x8  
  34  3:38  Queen  
  36  3:49  Overlord  
  36  4:07  Baneling x6  
  36  4:11  Zergling x10  
  41  4:26  Zergling x2  
  41  4:27  Zergling x2  
  26  5:06  Zergling x2  
  26  5:07  Zergling x10  
  32  5:18  Spine Crawler  
  32  5:19  Spine Crawler  
  18  5:46  Baneling x3  
  16  6:11  Drone  
  16  6:12  Drone  
Tags
 
Matchup
ZvZ
Race
Zerg
Replay Pack
2017S4
Spawn Locations
Cross Positions
Add a new tag
Caveats
  • Supply blocks, unpowered buildings, or Contaminate may cause inaccurate times.
  • Supply counts are checked every 10 seconds.